 Dungeon Sprint DCSS version 0.31-a0-532-g28f74ba3e5 (webtiles) character file.

Game seed: 5165231984676293011

1608 dialectric the Warrior (level 8, -12/91 HPs)
             Began as a Minotaur Berserker on Aug 12, 2023.
             Was a High Priest of Trog.
             Killed from afar by a crystal guardian (35 damage)
             ... with a crystal bolt
             ... in the Dungeon (Sprint II: "The Violet Keep of Menkaure").
             The game lasted 00:04:19 (489 turns).

dialectric the Warrior (Minotaur Berserker)          Turns: 489, Time: 00:04:19

Health: -12/91     AC: 10    Str: 24    XL:     8   Next: 63%
Magic:  7/7        EV: 12    Int: 11    God:    Trog [*****.]
Gold:   510        SH:  0    Dex:  7    Spells: 7/7 levels left

rFire   . . .        j - +5 broad axe (heavy)
rCold   . . .        (no shield)
rNeg    + . .        i - +0 scale mail of Impermeability {rN+ Int+7 Dex-3 Stlth+}
rPois   .            (helmet restricted)
rElec   .            (no cloak)
rCorr   .            (no gloves)
SInv    .            d - +1 pair of boots {Stlth+}
Will    .....        (no amulet)
Stlth   ++           (no ring)
HPRegen 0.35/turn    (no ring)
MPRegen 0.10/turn

%: no teleportation
@: lethally poisoned (-12 -> -15)
A: horns 2, retaliatory headbutt
a: Renounce Religion, Berserk, Trog's Hand, Brothers in Arms


You were in the Dungeon.
You worshipped Trog.
Trog was extremely pleased with you.
You visited 1 branch You collected 1074 gold pieces.
You spent 564 gold pieces at shops.

Inventory:

Hand Weapons
 j - a +5 heavy broad axe (weapon)
Armour
 b - a +0 animal skin
 d - a +1 pair of boots of stealth (worn)
 i - the +0 scale mail of Impermeability (worn) {rN+ Int+7 Dex-3 Stlth+}
   (You bought it in a shop in the Dungeon)

   Int+7:     It affects your intelligence (+7).
   Dex-3:     It affects your dexterity (-3).
   rN+:       It protects you from negative energy.
   Stlth+:    It makes you more stealthy.
Wands
 a - a wand of paralysis (8)
Scrolls
 h - a scroll of blinking
Potions
 c - a potion of heal wounds
 e - a potion of haste
 f - 2 potions of magic
 g - a potion of berserk rage


   Skills:
 + Level 15.6 Fighting
 + Level 3.9(9.1) Axes
 - Level 12.6(12.9) Maces & Flails
 - Level 7.1 Armour
 + Level 9.1 Dodging


You had 7 spell levels left.
You didn't know any spells.
Your spell library was empty.

Dungeon Overview and Level Annotations

Branches:
Dungeon (1/1)

Altars:
Cheibriados
Dithmenos
Elyvilon
Fedhas
Gozag
Hepliaklqana
Kikubaaqudgha
Makhleb
Nemelex Xobeh
Okawaru
Qazlal
Ru
Sif Muna
Trog
Uskayaw
Vehumet
Wu Jian
Xom
Yredelemnul
Zin
The Shining One
Jiyva
Lugonu

Shops:
D ::=(:!=*:[[![?!

Annotations:
D exclusion: oklob plant, Roxanne


Innate Abilities, Weirdness & Mutations

You have a pair of horns on your head.
You reflexively headbutt those who attack you in melee.


Message History

The polar bear growls angrily.
You hear an angry growl.
You hear an angry buzzing noise.
You hear a shout!
A polar bear comes into view.
A polar bear comes into view.
Found 35 gold pieces.
Found a blossoming altar of Fedhas and a sparkling altar of Nemelex Xobeh.
A yaktaur comes into view.
The swamp drake breathes poison at you. The noxious blast misses you.
The yaktaur moves out of view.
There is an open door here.
Found a falchion and a sapphire potion.
Found an opulent altar of Gozag and an iron altar of Okawaru.
You are engulfed in noxious fumes.
The polar bear is engulfed in noxious fumes.
The polar bear appears confused.
Unknown command.
You catch the helpless polar bear completely off-guard!
You slice the polar bear!!
The polar bear is severely wounded.
You are engulfed in noxious fumes.
You choke on the stench!
You are confused.
The polar bear is engulfed in noxious fumes.
The polar bear appears confused.
The polar bear bites the polar bear.
The polar bear claws the polar bear but does no damage. x2
The polar bear is engulfed in noxious fumes.
The polar bear appears confused.
Unknown command.
Unknown command.
You slice the polar bear like a ripe choko!!!
You kill the polar bear!
Trog accepts your kill.
You feel less confused.
The polar bear bites the death drake!
The polar bear claws the death drake but does no damage. x2
The swamp drake breathes poison at you.
The noxious blast engulfs you but does no damage.
You are poisoned.
The crystal guardian fires a crystalline bolt at you.
The crystal bolt freezes you!!
You die...

.#..# ...# #...#
.#.####..#####..# .#
#÷###.##..#..'..# .# !
#.##.#.#..#..#..# .# )$
.<.÷###'..####..##c# $$!
#.##.#.#....###k.h##▓▓▓▓
#'###.##..§...§9kkh~~~~~
#..####~~.....~#○#######
##..#~~~~~~~..~#@○○._._.
†#.##~~§§~§~~.~#○○._._..
#'##~~~§≈≈~§§§~#○○○._._.
~~~~~§~~§≈≈§~~~#._._._._
+#+++#~≈§≈≈§≈§~#.._._._.
≈≈§ ≈≈§###≈≈#..._._._
≈≈≈ #≈≈#...._._. §8≈§
#§≈#....._._ ≈≈≈≈


You could see 2 death drakes, a crystal guardian, 2 polar bears, a yaktaur and a
swamp drake (catching breath).

Vanquished Creatures
  A great orb of eyes (D)
  A polar bear (D)
  2 wyverns (D)
  Menkaure (D)
  2 water moccasins (D)
  4 necrophages (D)
  4 scorpions (D)
  A hell rat (D)
  3 worms (D)
19 creatures vanquished.

Notes
Turn   | Place    | Note
-------+----------+-------------------------------------------
     0 | D        | dialectric the Minotaur Berserker began the quest for the
                  | Orb.
     0 | D        | Reached XP level 1. HP: 19/19 MP: 0/0
     1 | D        | Noticed a scorpion
     1 | D        | Noticed a scorpion
     5 | D        | Killed a scorpion
     6 | D        | Reached skill level 6 in Fighting
     6 | D        | Reached XP level 2. HP: 31/31 MP: 1/1
     6 | D        | Reached XP level 3. HP: 38/38 MP: 2/2
     8 | D        | Killed a scorpion
     9 | D        | Reached skill level 7 in Fighting
     9 | D        | Reached XP level 4. HP: 48/48 MP: 3/3
    10 | D        | Noticed a scorpion
    10 | D        | Noticed a scorpion
    12 | D        | Killed a scorpion
    12 | D        | Reached ** piety under Trog
    13 | D        | Reached skill level 8 in Fighting
    13 | D        | Reached XP level 5. HP: 56/56 MP: 4/4
    18 | D        | Reached skill level 9 in Fighting
    18 | D        | Reached skill level 5 in Armour
    18 | D        | Reached skill level 5 in Dodging
    50 | D        | Noticed a wyvern
    50 | D        | Noticed a wyvern
    55 | D        | Killed a wyvern
    56 | D        | Reached skill level 10 in Fighting
    56 | D        | Reached XP level 6. HP: 42/67 MP: 5/5
    59 | D        | Killed a wyvern
    60 | D        | Reached skill level 11 in Fighting
    60 | D        | Reached XP level 7. HP: 5/74 MP: 6/6
    85 | D        | Reached *** piety under Trog
    94 | D        | Noticed an orange crystal statue
   119 | D        | Reached **** piety under Trog
   121 | D        | Reached skill level 12 in Fighting
   150 | D        | Noticed Roxanne
   164 | D        | Found Etruop's Book Boutique.
   164 | D        | Found Xihap's Assorted Antiques.
   164 | D        | Found Zeger's Antique Armour Shop.
   164 | D        | Found Qizxesh's Jewellery Boutique.
   165 | D        | Found Dafal's Distillery.
   165 | D        | Found Cyplogar's Antique Armour Boutique.
   165 | D        | Found Penunges's Distillery.
   165 | D        | Found Fati's Distillery.
   165 | D        | Found Gayheak's Book Shop.
   165 | D        | Found Kionukk's Antique Weapon Boutique.
   166 | D        | Found Fibbus's Jewellery Shop.
   166 | D        | Found Dylit's Book Boutique.
   167 | D        | Found Isit's Magic Scroll Boutique.
   167 | D        | Found Doqay's Armour Shop.
   167 | D        | Noticed a shining eye
   168 | D        | Noticed a shining eye
   168 | D        | Noticed a shining eye
   168 | D        | Noticed an oklob plant
   169 | D        | Found Zukeata's Book Shoppe.
   171 | D        | Noticed a polar bear
   173 | D        | Noticed a polar bear
   267 | D        | Bought a potion of heal wounds for 50 gold pieces
   289 | D        | Reached skill level 13 in Fighting
   295 | D        | Bought a pair of embroidered boots for 157 gold pieces
   297 | D        | Bought a twisted scale mail for 189 gold pieces
   297 | D        | Identified the +0 scale mail of Impermeability {rN+ Int+7
                  | Dex-3 Stlth+} (You bought it in a shop in the Dungeon)
   310 | D        | Bought a glowing broad axe for 168 gold pieces
   371 | D        | Noticed Menkaure
   373 | D        | Found a hazy altar of Hepliaklqana.
   373 | D        | Found a snail-covered altar of Cheibriados.
   374 | D        | Found a stormy altar of Qazlal.
   374 | D        | Found a viscous altar of Jiyva.
   374 | D        | Found a shadowy altar of Dithmenos.
   375 | D        | Found a sacrificial altar of Ru.
   375 | D        | Found an ancient bone altar of Kikubaaqudgha.
   375 | D        | Found a white marble altar of Elyvilon.
   375 | D        | Killed Menkaure
   375 | D        | Reached ***** piety under Trog
   376 | D        | Found an ornate altar of the Wu Jian Council.
   376 | D        | Found a shimmering blue altar of Sif Muna.
   376 | D        | Found a corrupted altar of Lugonu.
   377 | D        | Found a shimmering altar of Xom.
   377 | D        | Found a bloodstained altar of Trog.
   377 | D        | Found a burning altar of Makhleb.
   378 | D        | Found a glowing golden altar of the Shining One.
   378 | D        | Found a basalt altar of Yredelemnul.
   378 | D        | Found a hide-covered altar of Uskayaw.
   398 | D        | Noticed a great orb of eyes
   403 | D        | Killed a great orb of eyes
   404 | D        | Reached skill level 15 in Fighting
   404 | D        | Reached XP level 8. HP: 58/91 MP: 7/7
   479 | D        | Noticed a death drake
   479 | D        | Noticed a crystal guardian
   481 | D        | Noticed a death drake
   484 | D        | Found a glowing silver altar of Zin.
   485 | D        | Found a radiant altar of Vehumet.
   485 | D        | Noticed a polar bear
   485 | D        | Noticed a polar bear
   486 | D        | Found a blossoming altar of Fedhas.
   486 | D        | Found a sparkling altar of Nemelex Xobeh.
   486 | D        | Noticed a polar bear
   486 | D        | Noticed a yaktaur
   487 | D        | Found an opulent altar of Gozag.
   487 | D        | Found an iron altar of Okawaru.
   489 | D        | Killed a polar bear
   489 | D        | Killed from afar by a crystal guardian

Illustrated notes

Levels and vault maps discovered:
D:        the_violet_keep_of_menkaure [sprint2_stairs_cluster_1,
          sprint2_shoproom, sprint2_temple, sprint2_basic_supplies,
          sprint2_obstacle_4, sprint2_obstacle_3, sprint2_obstacle_6,
          sprint2_obstacle_1, sprint2_obstacle_7, sprint2_timed_cluster_1,
          sprint2_smallroom_cluster_1, sprint2_smallroom_final_cluster_1,
          sprint2_transparent_cluster_1, sprint2_second_timed_cluster_1,
          sprint2_sniper_area_1, sprint2_heavy_combat_area_1,
          sprint2_mutation_trap_area_1, sprint2_forest_area_1,
          sprint2_light_combat_area_1, sprint2_behind_water_1,
          sprint2_near_end_vault_1]

Skill      XL: |  1  2  3  4  5  6  7 |
---------------+----------------------+-----
Fighting       | 6 7 8 10 11 15 | 15.6
Maces & Flails | 6 7 8 11 12 | 12.6
Armour         | 3 4 5 6 7 |  7.1
Dodging        | 3 4 5 6 9 |  9.1
Axes           | 3 |  3.9

Action                     |  1- 3 |  4- 6 |  7- 9 || total
---------------------------+-------+-------+-------++-------
  Melee: Mace              |     6 |    16 |    29 ||    51
         Headbutt          |     1 |     3 |     7 ||    11
         Broad axe         |       |       |    15 ||    15
 Invoke: Berserk           |     1 |       |     2 ||     3
    Use: Potion            |       |     1 |     1 ||     2
   Stab: Confused          |       |       |     1 ||     1
 Armour: Animal skin       |     1 |       |     2 ||     3
         Scale mail        |       |       |     5 ||     5
  Dodge: Dodged            |     2 |     9 |    22 ||    33

Table legend: (Time is in decaauts)
 A = Elapsed time spent in this place.
 B = Non-inter-level travel time spent in this place.
 C = Inter-level travel time spent in this place.
 D = Time resting spent in this place.
 E = Time spent auto-exploring this place.
 F = Levels seen in this place.
 G = Mean time per level.
                   A        B        C        D        E       F      G
               +--------+--------+--------+--------+--------+-----+--------+
         Total |    530 |    530 |      0 |    150 |    111 |   1 |  530.0 |
       Dungeon |    530 |    530 |      0 |    150 |    111 |   1 |  530.0 |
               +--------+--------+--------+--------+--------+-----+--------+

Top non-repeatable levels by time:
       D: 530 daAuts
